 Dungeon Crawl Stone Soup version 0.29-a0-830-gcb1280458a (webtiles) character file.

Game seed: 15143286123356780445

136 gruber the Magician (level 5, -2/35 HPs)
             Began as a Djinni Fire Elementalist on July 11, 2022.
             Slain by Terence
             ... wielding a +0 mace
              (5 damage)
             ... on level 2 of the Dungeon.
             The game lasted 00:01:26 (2837 turns).

gruber the Magician (Djinni Fire Elementalist)      Turns: 2837, Time: 00:01:28

Health: -2/35      AC:  2    Str:  7    XL:     5   Next: 43%
Gold:   151        EV: 12    Int: 18    God:
                   SH:  0    Dex: 14

rFire   + + .      SeeInvis .   d - +2 short sword (venom)
rCold   x . .      Faith    .   (no shield)
rNeg    . . .      Spirit   .   a - +0 robe
rPois   ∞          Reflect  .   (no helmet)
rElec   .          Harm     .   (no cloak)
rCorr   .          Rampage  .   (no gloves)
Will    .....                   (boots unavailable)
Stlth   ++........              (no amulet)
HPRegen 0.11/turn               (no ring)
MPRegen 0.00/turn               (no ring)

@: flying
A: sickness immunity, fire resistance 2, cold vulnerability 1, float, innate
caster, HP casting, extra vitality 1
a: no special abilities


You were on level 2 of the Dungeon.
You visited 1 branch of the dungeon, and saw 2 of its levels.

You collected 151 gold pieces.

Inventory:

Hand Weapons
 d - a +2 short sword of venom (weapon)
Armour
 a - a +0 robe (worn)
Scrolls
 c - 2 scrolls of teleportation {unknown}
 e - a scroll of immolation {unknown}
 i - a scroll of brand weapon {unknown}
 j - 2 scrolls of identify {unknown}
 l - a scroll of amnesia {unknown}
Potions
 b - a potion of heal wounds {unknown}
 f - a potion of might {unknown}
 g - 3 potions of curing {unknown}
 h - a potion of haste {unknown}
 k - a potion of attraction {unknown}


   Skills:
 - Level 2.1 Dodging
 - Level 1.5 Stealth
 * Level 4.4 Spellcasting


You couldn't memorise any spells.
You knew the following spells:

 Your Spells              Type           Power      Damage    Failure   Level
a - Foxfire               Conj/Fire      80%        2x1d8     2%          1
b - Scorch                Fire           40%        2d7       3%          2
c - Conjure Flame         Conj/Fire      20%        6-21      7%          3
d - Inner Flame           Hex/Fire       20%        N/A       7%          3
e - Flame Wave            Conj/Fire      20%        2d7       22%         4
f - Beastly Appendage     Tmut           40%        N/A       2%          1
g - Searing Ray           Conj           40%        2d5       3%          2
Your spell library was empty.

Dungeon Overview and Level Annotations

Branches:
Dungeon (2/15)

Altars:

Annotations:
D:2 Terence


Innate Abilities, Weirdness & Mutations

You are immune to sickness and miasma.
You are immune to poison.
Your flesh is very heat resistant. (rF++)
You are vulnerable to cold. (rC-)
You float through the air rather than walking.
You learn spells naturally, not from books.
Your magical power is your life essence.
You have superior vitality. (+4 MHP)


Message History

A ball python comes into view.
A ball python is nearby!
A ball python is nearby!
You conjure some foxfire!
You conjure some foxfire!
The foxfire hits the ball python!
You kill the ball python!
Your foxfire dissipates!
A rat comes into view.
A rat is nearby!
A rat is nearby!
A rat is nearby!
You conjure some foxfire!
The foxfire hits the rat.
You kill the rat!
You conjure some foxfire!
Your foxfire dissipates! x2
Terence the Incautious comes into view.
He is wielding a +0 mace.
Terence shouts!
Terence is nearby!
Terence is nearby!
Terence misses you.
You hit Terence but do no damage.
Terence is poisoned.
Terence hits you with a +0 mace! Terence closely misses you.
You barely miss Terence. Terence closely misses you.
You hit Terence.
Terence looks as sick as possible!
Terence is lightly wounded.
Terence barely misses you.
You hit Terence.
Terence looks as sick as possible!
Terence is moderately wounded.
Terence hits you with a +0 mace.
You closely miss Terence.
Terence is moderately wounded.
Terence hits you with a +0 mace! Terence attacks as you move away!
Terence hits you with a +0 mace.
* * * LOW HITPOINT WARNING * * *
Terence attacks as you move away! Terence hits you with a +0 mace!
* * * LOW HITPOINT WARNING * * *
Terence attacks as you move away! Terence hits you with a +0 mace.
You die...

#†#....#.#
#.#....#.#
#.#....#.#
###.#..#.#.#
..#.#..#.#.#
#.#.#.##.#.#
#.#.#....#.#
#.#.######.#
#.@@.......#
###.########
########.#
.........#
##########


You could see Terence (extremely poisoned).

Vanquished Creatures
  A scorpion (D:2)
  3 adders (D:2)
  A dart slug (D:1)
  5 endoplasms
  3 giant cockroaches
  4 goblins
  2 hobgoblins
  4 jackals (D:1)
  2 kobolds
  A quokka (D:1)
  5 ball pythons
  7 bats
  9 rats
47 creatures vanquished.

Vanquished Creatures (collateral kills)
  15 foxfires (D:2)
15 creatures vanquished.

Vanquished Creatures (others)
  91 foxfires
  3 fungi (D:2)
  A plant (D:2)
95 creatures vanquished.

Grand Total: 157 creatures vanquished

Notes
Turn   | Place    | Note
-------+----------+-------------------------------------------
     0 | D:1      | gruber the Djinni Fire Elementalist began the quest for the
                  | Orb.
     0 | D:1      | gruber set off with the following spells memorised:
                  | Foxfire, Scorch, Conjure Flame, Inner Flame, Flame Wave.
     0 | D:1      | Reached XP level 1. HP: 15/15 MP: 0/0
   413 | D:1      | Reached XP level 2. HP: 14/21 MP: 0/0
   628 | D:1      | Reached skill level 3 in Spellcasting
  1149 | D:1      | Reached XP level 3. HP: 22/25 MP: 0/0
  1149 | D:1      | Learned a level 1 spell: Beastly Appendage
  1522 | D:2      | Noticed a scorpion
  1529 | D:2      | Killed a scorpion
  1530 | D:2      | Reached skill level 4 in Spellcasting
  1530 | D:2      | Reached XP level 4. HP: 24/31 MP: 0/0
  1673 | D:2      | Reached XP level 5. HP: 10/35 MP: 0/0
  1673 | D:2      | Learned a level 2 spell: Searing Ray
  1903 | D:2      | Found a faded altar of an unknown god.
  2828 | D:2      | Noticed Terence
  2837 | D:2      | Slain by Terence

Illustrated notes

Levels and vault maps discovered:
D:1:      wander_arrival_fairy_ring, layout_loops_cross, minmay_vboxes
D:2:      layout_basic, dreamdust_ecumenical_altar_grove, uniq_terence

Skill      XL: |  1  2  3 |
---------------+----------+-----
Spellcasting   | 3 4 |  4.4
Dodging        | |  2.1
Stealth        | |  1.5

Action                   |  1- 3 |  4- 6 || total
-------------------------+-------+-------++-------
Melee: Short sword       |    37 |    34 ||    71
 Cast: Foxfire           |    41 |    32 ||    73
Armor: Robe              |     8 |     5 ||    13
Dodge: Dodged            |    24 |    26 ||    50

Table legend: (Time is in decaauts)
 A = Elapsed time spent in this place.
 B = Non-inter-level travel time spent in this place.
 C = Inter-level travel time spent in this place.
 D = Time resting spent in this place.
 E = Time spent auto-exploring this place.
 F = Levels seen in this place.
 G = Mean time per level.
                   A        B        C        D        E       F      G
               +--------+--------+--------+--------+--------+-----+--------+
         Total |   2843 |   2821 |     22 |      0 |   2532 |   2 | 1421.5 |
       Dungeon |   2843 |   2821 |     22 |      0 |   2532 |   2 | 1421.5 |
               +--------+--------+--------+--------+--------+-----+--------+

Top non-repeatable levels by time:
     D:1: 1525 daAuts
     D:2: 1318 daAuts
